 Dungeon Crawl Stone Soup version 0.23.2-1-ga50397a (webtiles) character file.

Game seed: 8346015893160815400

700 vlazyslath the Covert (level 7, -1/46 HPs)
             Began as a Vampire Necromancer on May 3, 2019.
             Was an Initiate of Kikubaaqudgha.
             Shot with an arrow by a centaur (16 damage)
             ... on level 6 of the Dungeon.
             The game lasted 01:05:26 (6022 turns).

vlazyslath the Covert (Vampire Necromancer)         Turns: 6022, Time: 01:05:26

Health: -1/46      AC:  0    Str:  7    XL:     7   Next: 38%
Magic:  8/10       EV: 20    Int: 20    God:    Kikubaaqudgha [......]
Gold:   228        SH:  2    Dex: 19    Spells: 0/10 levels left

rFire    . . .     SeeInvis +   (weapon currently unavailable)
rCold    + + .     Gourm    .   (shield currently unavailable)
rNeg     + + +     Faith    .   (armour currently unavailable)
rPois    ∞         Spirit   .   (helmet currently unavailable)
rElec    .         Reflect  +   (cloak currently unavailable)
rCorr    .         Harm     .   (gloves currently unavailable)
MR       .....                  (boots currently unavailable)
Stlth    +++++++...             v - +2 amulet of reflection
HPRegen  0.00/turn              (ring currently unavailable)
MPRegen  0.12/turn              (ring currently unavailable)

@: bat-form, flying, bloodless, non-regenerating, very quick
A: tiny, fangs 3, see invisible
a: End Transformation, Renounce Religion


You were on level 6 of the Dungeon.
You worshipped Kikubaaqudgha.
Kikubaaqudgha was noncommittal.
You were bloodless.
You were in vampire-bat-form.
You visited 2 branches of the dungeon, and saw 7 of its levels.
You also visited: Ossuary.

You collected 228 gold pieces.

Inventory:

Hand Weapons
 c - a +3 dagger (melded)
 A - a +2 quarterstaff of chaos
Missiles
 w - 5 needles of frenzy
Armour
 a - a +0 robe (melded)
 n - a +0 cloak (melded)
 y - a +2 cloak of magic resistance
Jewellery
 h - a +3 ring of slaying (melded)
 m - an uncursed amulet of magic regeneration
 o - an uncursed ring of protection from magic
 p - a +1 ring of protection (melded)
 s - a +5 ring of dexterity {unknown}
 v - a +2 amulet of reflection (around neck)
 C - a cursed -3 ring of protection
 D - an uncursed amulet of the acrobat {unknown}
Wands
 d - a wand of disintegration (29)
Scrolls
 b - a scroll of enchant armour {unknown}
 e - a scroll of enchant weapon {unknown}
 g - 4 scrolls of amnesia
 k - a scroll of magic mapping
 q - a scroll of identify {unknown}
 t - 2 scrolls of remove curse
 x - a scroll of fear
 B - a scroll of blinking {unknown}
Potions
 f - a potion of heal wounds {unknown}
 i - a potion of flight {unknown}
 j - 3 potions of curing {unknown}
 l - 3 potions of agility {unknown}
 r - a potion of brilliance {unknown}
 u - a potion of berserk rage {unknown}
 z - a potion of blood


   Skills:
 - Level 2.1 Dodging
 + Level 12.6 Stealth
 - Level 2.0 Spellcasting
 - Level 4.3 Necromancy


You couldn't memorise any spells.
You knew the following spells:

 Your Spells              Type           Power        Failure   Level  Hunger
a - Pain                  Necr           ###.         2%          1    #......
b - Animate Skeleton      Necr           N/A          2%          1    #......
c - Confusing Touch       Hex            #.....       16%         1    #......
d - Animate Dead          Necr           N/A          26%         4    #####..
e - Vampiric Draining     Necr           ###.......   8%          3    ###....

Your spell library contained the following spells:

 Spells                   Type           Power        Failure   Level  Hunger
 Apportation              Tloc           #.....       16%         1    #......
 Summon Small Mammal      Summ           #...         16%         1    #......
 Regeneration             Chrm/Necr      ##........   19%         3    ###....


Dungeon Overview and Level Annotations

Branches:
Dungeon (6/15)             Temple (1/1) D:6

Altars:
Ashenzari
Cheibriados
Dithmenos
Elyvilon
Fedhas
Gozag
Hepliaklqana
Kikubaaqudgha
Makhleb
Nemelex Xobeh
Okawaru
Qazlal
Ru
Sif Muna
Trog
Uskayaw
Vehumet
Wu Jian
Xom
Yredelemnul
Zin
The Shining One
Beogh

Shops:
D:5 [   D:6 %

Annotations:
D:4 3 runed translucent doors, jazmu's ghost, amateur DgFE


Innate Abilities, Weirdness & Mutations

You do not heal naturally.
You are immune to poison.
You have razor-sharp teeth.
You have supernaturally acute eyesight. (SInv)
((You can survive without breathing.))


Message History

The centaur shoots an arrow.
The arrow closely misses you. The crimson imp closely misses you.
The centaur shoots an arrow.
The arrow misses you.
You see here an arrow.
The centaur shoots an arrow.
The arrow barely misses you.
You see here an arrow.
The centaur shoots an arrow.
The arrow hits you!
The crimson imp sputters.
You see here an arrow.
You closely miss the crimson imp.
The crimson imp is lightly wounded.
The crimson imp hits you but does no damage.
You turn into a vampire bat.
Your +3 dagger melds into your body.
Your +0 cloak melds into your body.
Your +0 robe melds into your body.
Your +1 ring of protection melds into your body.
Your +3 ring of slaying melds into your body.
The crimson imp hits you with a +0 mace!
The centaur shoots an arrow.
The arrow hits you!
You die...
Kikubaaqudgha rasps: "You have failed me!
Welcome... oblivion!"

#.###........#*#..............
#............# #..............
#...###.###.## #.........##...
#...#..)..#.####c.....#####...
#...#.....#....(..(((.#.......
#...............#######.......
#####..#.....#..5................
.......#.....#.......#####.......
.###.#####.#####b###.# #.......
.#8...8#.....#.....#.# ########
.#.....#.....#.#.#.#.#
[...8...........#....#
.#.....#.....#.#.#.#(#
.#8...8#.....#.....#.##
.###.#####.#####.###..#
.......#.....#........#
######.#.⌠.⌠.#.####...#


You could see a centaur and a crimson imp.

Vanquished Creatures
  An ogre (D:6)
  A bullfrog (D:6)
  2 scorpions
  A wight (D:6)
  4 crimson imps
  3 hounds
  Crazy Yiuf (D:6)
  Jessica (D:2)
  Robin (D:2)
  5 adders
  An adder skeleton (D:6)
  3 worms
  A dart slug (D:1)
  4 leopard geckos
  6 orcs
  4 giant cockroaches
  12 goblins
  7 hobgoblins
  4 jackals
  5 kobolds
  A quokka (D:5)
  4 bats
  6 frilled lizards
  A jackal skeleton (D:5)
  6 rats
85 creatures vanquished.

Vanquished Creatures (collateral kills)
  A wight (D:6)
  A crimson imp (D:6)
  An adder zombie (D:5)
  A dart slug (D:2)
  A goblin (D:1)
  A frilled lizard (D:4)
  A kobold (D:2)
  A rat (D:1)
8 creatures vanquished.

Grand Total: 93 creatures vanquished

Notes
Turn   | Place    | Note
-------+----------+-------------------------------------------
     0 | D:1      | vlazyslath the Vampire Necromancer began the quest for the
                  | Orb.
     0 | D:1      | Reached XP level 1. HP: 13/13 MP: 3/3
    61 | D:1      | Learned a level 1 spell: Animate Skeleton
   227 | D:1      | Reached skill level 4 in Stealth
   270 | D:1      | Reached XP level 2. HP: 18/19 MP: 3/5
   662 | D:1      | Reached skill level 5 in Stealth
  1099 | D:1      | Reached XP level 3. HP: 19/24 MP: 0/6
  1257 | D:2      | Noticed Robin
  1772 | D:2      | Noticed Jessica
  1815 | D:2      | Killed Jessica
  1815 | D:2      | Reached skill level 6 in Stealth
  1926 | D:2      | Reached XP level 4. HP: 27/30 MP: 5/7
  2101 | D:2      | Reached skill level 7 in Stealth
  2372 | D:2      | Killed Robin
  2938 | D:3      | Reached skill level 8 in Stealth
  2948 | D:3      | Found a stormy altar of Qazlal.
  3563 | D:4      | Found a runed translucent gate.
  3597 | D:4      | Found a sand-covered staircase.
  3618 | D:4      | Found a runed translucent gate.
  3620 | D:4      | Found a runed translucent gate.
  3621 | D:4      | Noticed jazmu's ghost (amateur DgFE)
  3899 | D:4      | Identified the +7 mace of Valiance {drain, Int+4}
  3899 | D:4      | Noticed an orc warrior
  3900 | D:4      | Identified the +6 hunting sling "Ultimatum" {velocity,
                  | *Slow rF+ Str+2 Dex+2}
  3900 | D:4      | Identified the +8 chain mail "Liclipuh" {Str+4 Int+5}
  4054 | D:4      | Found a roughly hewn altar of Beogh.
  4078 | Ossuary  | Entered an ossuary
  4209 | D:5      | Entered Level 5 of the Dungeon
  4219 | D:5      | Learned a level 1 spell: Confusing Touch
  4238 | D:5      | Found a shimmering altar of Xom.
  4239 | D:5      | Noticed an orc warrior
  4253 | D:5      | Reached XP level 5. HP: 35/35 MP: 8/8
  4276 | D:5      | Learned a level 4 spell: Animate Dead
  4323 | D:5      | Reached skill level 9 in Stealth
  4503 | D:5      | Reached skill level 10 in Stealth
  4503 | D:5      | Reached XP level 6. HP: 25/41 MP: 2/9
  4695 | D:5      | Found a glowing drain.
  5079 | D:5      | Found Zeomano's Armour Boutique.
  5328 | D:6      | Found a burning altar of Makhleb.
  5358 | D:6      | Found a staircase to the Ecumenical Temple.
  5375 | Temple   | Entered the Ecumenical Temple
  5444 | Temple   | Became a worshipper of Kikubaaqudgha
  5465 | D:6      | Reached skill level 11 in Stealth
  5486 | D:6      | Found Bosmatan's Food Boutique.
  5684 | D:6      | Found a runed translucent door.
  5685 | D:6      | Noticed Crazy Yiuf
  5738 | D:6      | Killed Crazy Yiuf
  5738 | D:6      | Reached XP level 7. HP: 33/46 MP: 10/10
  5776 | D:6      | Learned a level 3 spell: Vampiric Draining
  5801 | D:6      | Reached skill level 12 in Stealth
  6022 | D:6      | Shot with an arrow by a centaur

Skill      XL: |  1  2  3  4  5  6  7 |
---------------+----------------------+-----
Stealth        | 4 5 6 8 10 11 12 | 12.6
Dodging        | |  2.1
Spellcasting   | |  2.0
Necromancy     | |  4.3

Action                   |  1- 3 |  4- 6 |  7- 9 || total
-------------------------+-------+-------+-------++-------
Melee: Short sword       |    18 |       |       ||    18
       Bite              |     1 |     3 |       ||     4
       Dagger            |       |    56 |    34 ||    90
       Unarmed           |       |     3 |       ||     3
 Cast: Pain              |    47 |    71 |     1 ||   119
       Animate Skeleton  |    19 |     9 |       ||    28
       Confusing Touch   |       |     4 |     1 ||     5
       Animate Dead      |       |     5 |     2 ||     7
 Abil: Bat Form          |     2 |    17 |     1 ||    20
       End Transformatio |     2 |    17 |       ||    19
  Use: Scroll            |     1 |     3 |       ||     4
       Potion            |       |     3 |       ||     3
 Stab: Sleeping          |     4 |    11 |     2 ||    17
       Paralysed         |       |       |     1 ||     1
Armor: Robe              |     5 |    32 |    11 ||    48
Dodge: Dodged            |    30 |    49 |    20 ||    99
Block: Other             |       |     1 |     4 ||     5
